 Dungeon Crawl Stone Soup version 0.18.1-8-gdd0e5ea (webtiles) character file.

48 LORDOFBUTT the Ducker (level 3, -3/27 HPs)
             Began as a Felid Berserker on May 26, 2016.
             Was a Follower of Trog.
             Slain by an orc
             ... wielding a +0 hand axe
              (5 damage)
             ... on level 3 of the Dungeon.
             The game lasted 00:01:10 (1886 turns).

LORDOFBUTT the Ducker (Felid Berserker)             Turns: 1886, Time: 00:01:11

Health: -3/27      AC:  1    Str: 18    XL:     3   Next: 50%
Magic:  4/4        EV: 20    Int:  8    God:    Trog [*.....]
Gold:   207        SH:  0    Dex: 16    Spells: 0 memorised, 2 levels left
                                        Lives:  0   Deaths: 0

rFire  . . .     SeeInvis +       - Unarmed
rCold  . . .     Gourm    .     (armour unavailable)
rNeg   . . .     Faith    .     (shield unavailable)
rPois  .         Spirit   .     (helmet unavailable)
rElec  .         Dismiss  .     (cloak unavailable)
rCorr  .         Reflect  .     (gloves unavailable)
SustAt .         Harm     .     (boots unavailable)
MR     .....                    (no amulet)
Stlth  ..........               (no ring)
                                (no ring)

@: berserking, very quick, not resistant to hostile enchantments, extremely
unstealthy
A: no armour, no weapons or thrown items, claws 1, fangs 3, see invisible,
carnivore 3, speed 1, shaggy fur 1, slow metabolism 1, sharp paws
a: Berserk, Burn Spellbooks, Renounce Religion


You were on level 3 of the Dungeon.
You worshipped Trog.
Trog was aware of your devotion.
You were very full.

You visited 1 branch of the dungeon, and saw 3 of its levels.

You collected 207 gold pieces.

Inventory:

Jewellery
 c - a cursed ring of teleportation {unknown}
Scrolls
 b - a scroll of enchant weapon {unknown}
 e - a scroll of recharging {unknown}
 f - a scroll of remove curse {unknown}
 h - 2 scrolls of identify {unknown}
 i - a scroll of enchant armour {unknown}
 j - a scroll of noise {unknown}
 l - a scroll of random uselessness {unknown}
Potions
 d - 3 potions of heal wounds {unknown}
 k - a potion of flight {unknown}
 n - a potion of lignification {unknown}
 o - a potion of brilliance {unknown}
Comestibles
 a - a meat ration
 g - a royal jelly


   Skills:
 + Level 3.7 Fighting
 + Level 4.7 Dodging
 + Level 1.5 Stealth
 + Level 3.2 Unarmed Combat


You had 2 spell levels left.
You didn't know any spells.

Dungeon Overview and Level Annotations

Branches:
Dungeon (3/15)

Altars:


Innate Abilities, Weirdness & Mutations

You cannot wear armour.
You are incapable of wielding weapons or throwing items.
You have sharp claws.
You have razor-sharp teeth.
You have supernaturally acute eyesight.
You are carnivorous and can eat meat at any time.
You cover ground quickly.
You are covered in fur (AC +1).
You have a slow metabolism.
Your sharp claws are effective at attacking unaware monsters.


Message History

The orc completely misses you. The jackal completely misses you.
The jackal barely misses you. The orc hits you with a hand axe.
* * * LOW HITPOINT WARNING * * *
You claw the jackal!
You feel the power of Trog in you as your rage grows.
You kill the jackal!
Trog accepts your kill. The jackal bites you.
* * * LOW HITPOINT WARNING * * *
The orc barely misses you.
You closely miss the jackal. You bite the jackal.
You kill the jackal!
Trog accepts your kill. The orc barely misses you. x2
Unknown command.
You barely miss the orc. Your bite misses the orc. The orc closely misses you.
The orc barely misses you.
You closely miss the orc. The orc misses you.
You completely miss the orc. The orc hits you with a hand axe.
You die...

#..........#
#..........# #
#........!.# .
.#..........#
.. ...........#
...##........##
....(.........#
.......)o.....#
...#...@o.....#
#...†o.....#
#...l......#
##........##
#.......##
..####### ##.
..


You could see 3 orcs and a giant newt.

Vanquished Creatures
  2 oozes (D:1)
  3 worms (D:2)
  A dart slug (D:2)
  A giant gecko (D:2)
  3 orcs
  2 bats
  2 giant cockroaches (D:1)
  2 goblins
  3 hobgoblins
  2 jackals (D:3)
  A kobold (D:1)
  A ball python (D:1)
  A rat (D:2)
24 creatures vanquished.

Notes
Turn   | Place    | Note
--------------------------------------------------------------
     0 | D:1      | LORDOFBUTT the Felid Berserker began the quest for the Orb.
     0 | D:1      | Reached XP level 1. HP: 10/10 MP: 2/2
   334 | D:1      | Reached XP level 2. HP: 14/14 MP: 3/3
  1092 | D:2      | Reached XP level 3. HP: 8/17 MP: 4/4
  1285 | D:2      | Reached skill level 1 in Stealth
  1886 | D:3      | Slain by an orc

Skill      XL: |  1  2  3 |
---------------+----------+-----
Stealth        | 1 |  1.5
Fighting       | |  3.7
Dodging        | |  4.7
Unarmed Combat | |  3.2

Action                   || total
-------------------------++-------
Melee: Unarmed           ||    61
       Punch             ||     2
       Bite              ||     6
Invok: Berserk           ||     2
 Stab: Sleeping          ||     3
  Eat: Meat ration       ||     1
       Pizza             ||     1
Armor: Skin              ||     2
Dodge: Dodged            ||    56
